 Dungeon Crawl Stone Soup version 0.31.0-11-ge490571c62 (webtiles) character file.

Game seed: 4365577028711937384

82 Marvel the Chopper (level 4, 0/40 HPs)
             Began as a Hill Orc Fighter on Feb 8, 2024.
             Slain by a gnoll
             ... wielding a +0 spear
              (6 damage)
             ... on level 2 of the Dungeon.
             The game lasted 00:02:40 (1263 turns).

Marvel the Chopper (Hill Orc Fighter)               Turns: 1263, Time: 00:02:40

Health: 0/40       AC:  8    Str: 20    XL:     4   Next: 43%
Magic:  4/4        EV:  9    Int:  8    God:
Gold:   34         SH:  4    Dex: 10    Spells: 3/3 levels left

rFire   . . .        a - +0 war axe
rCold   . . .        c - +0 buckler
rNeg    . . .        b - +0 scale mail
rPois   .            (no helmet)
rElec   .            g - +0 cloak
rCorr   .            (no gloves)
SInv    .            (no boots)
Will    .....        (no amulet) Stlth
                     (no ring)
HPRegen 0.26/turn    (no ring)
MPRegen 0.09/turn

%: no passive effects
@: mighty
A: no striking features
a: no special abilities


You were on level 2 of the Dungeon.
You visited 1 branch of the dungeon, and saw 2 of its levels.

You collected 34 gold pieces.

Inventory:

Hand Weapons
 a - a +0 war axe (weapon)
Missiles
 j - 2 boomerangs (quivered)
Armour
 b - a +0 scale mail (worn)
 c - a +0 buckler (worn)
 g - a +0 cloak (worn)
Scrolls
 h - a scroll of revelation {unknown}
 i - a scroll of torment {unknown}
 k - a scroll of identify {unknown}
Potions
 e - 2 potions of invisibility {unknown}
 f - a potion of resistance {unknown}
 l - a potion of curing {unknown}


   Skills:
 + Level 3.7 Fighting
 + Level 4.3 Axes
 + Level 4.1 Armour
 + Level 0.7 Dodging
 + Level 3.7 Shields


You had 3 spell levels left.
You didn't know any spells.
Your spell library contained the following spells:

 Spells                   Type           Power      Damage    Failure   Level
 Kiss of Death            Conj/Necr      0%         2d5       83%         1
 Ensorcelled Hibernation  Hex/Ice        0%         N/A       92%         2
 Fugue of the Fallen      Necr           0%         N/A       99%         3
 Anguish                  Hex/Necr       0%         N/A       100%        4
 Fulminant Prism          Conj/Alch      0%         3d5       100%        4
 Sticky Flame             Fire/Alch      0%         2d4       100%        4
 Bombard                  Conj/Erth      0%         9d1       100%        6


Dungeon Overview and Level Annotations

Branches:
Dungeon (2/15)

Altars:
Sif Muna


Message History

You are too injured to fight recklessly!
You are too injured to fight recklessly!
You feel very mighty all of a sudden. The gnoll hits you but does no damage.
You block the gnoll's attack.
You are too injured to fight recklessly!
You are too injured to fight recklessly!
You are too injured to fight recklessly!
You are too injured to fight recklessly!
You are too injured to fight recklessly!
You barely miss the gnoll. The gnoll barely misses you.
You block the gnoll's attack.
You barely miss the gnoll.
The gnoll hits you from afar with a +0 spear.
The gnoll closely misses you.
You slash the gnoll!
The gnoll is almost dead.
The gnoll hits you but does no damage.
The gnoll hits you from afar with a +0 spear.
* * * LOW HITPOINT WARNING * * *
The gnoll attacks as it pursues you! You block the gnoll's attack.
You hit the gnoll.
You kill the gnoll!
You closely miss the gnoll. The gnoll closely misses you.
The gnoll hits you but does no damage.
You slash the gnoll!
You kill the gnoll!
The gnoll completely misses you.
Your Armour skill increases to level 4!
The gnoll hits you with a +0 spear.
* * * LOW HITPOINT WARNING * * *
Items here: )) ††.
You slash the gnoll!
The gnoll is severely wounded.
The gnoll hits you with a +0 spear.
* * * LOW HITPOINT WARNING * * *
The gnoll hits you but does no damage.
You barely miss the gnoll.
The gnoll is severely wounded.
The gnoll hits you with a +0 spear.
You die...

...####### ##.. #.#. #.......#
#. #.#)# #######.#### #.#.#.#.
#############....######..#.###
#.....[...................####
#.##############.########.....
#.# #.............## ####.#
#.# #.##########...# ###....#
#.# #.#<(....@g..#.## #...####
#.# #.###.#.###..#..###.###
#.# #.###.#.#.#..##..##.######
#.# #.#.......#..###>.........
#.# #.#.#.#.#.#..# ###########
#.# #.#.#.#.#.#..# #.#
#.#.#.#.#.#..# #.#
#.#.#.#.#.#..# #.###.#.#.#.#.#


You could see a gnoll.

Vanquished Creatures
  4 gnolls (D:2)
  2 dart slugs
  4 bats
  4 endoplasms
  4 giant cockroaches
  2 goblins (D:1)
  A hobgoblin (D:1)
  4 jackals (D:1)
  4 quokkas
  2 ball pythons
  A frilled lizard (D:1)
  3 kobolds
  4 rats
39 creatures vanquished.

Notes
Turn   | Place    | Note
-------+----------+-------------------------------------------
     0 | D:1      | Marvel the Hill Orc Fighter began the quest for the Orb.
     0 | D:1      | Reached XP level 1. HP: 19/19 MP: 1/1
    83 | D:1      | Reached XP level 2. HP: 26/26 MP: 2/2
   338 | D:1      | Reached XP level 3. HP: 31/31 MP: 3/3
   412 | D:1      | Found a faded altar of an unknown god.
   814 | D:2      | Got the Tractate on the Dynamic Alembic
   830 | D:2      | Found a shimmering blue altar of Sif Muna.
  1136 | D:2      | Identified the +0 chain mail of the Other Side {MP+9 Int+5}
  1252 | D:2      | Reached XP level 4. HP: 24/40 MP: 4/4
  1263 | D:2      | Slain by a gnoll

Illustrated notes

Levels and vault maps discovered:
D:1:      nicolae_arrival_washed_ashore, layout_basic,
          shapermc_ecumenical_altar_mp_urbaneastern, minmay_tetromino_s2
D:2:      layout_basic, basic_altar, minmay_circle_x

Skill      XL: |  1  2  3  4 |
---------------+-------------+-----
Axes           | 3 4 |  4.3
Armour         | 4 |  4.1
Fighting       | |  3.7
Dodging        | |  0.7
Shields        | |  3.7

Action                     |  1- 3 |  4- 6 || total
---------------------------+-------+-------++-------
  Melee: War axe           |    99 |     9 ||   108
    Use: Potion            |       |     1 ||     1
 Armour: Scale mail        |    86 |    11 ||    97
  Dodge: Dodged            |    62 |     6 ||    68
  Block: Buckler           |    32 |     3 ||    35
